AoeStats
← gabrielpiaia

Arena

506155375Analyzed
2v2 RM · 19d ago on Sep 12, 2026· 57m 59s· 4 players
Game mode
Random Map
Map size
Medium (4 player)
Population
200
Speed
Normal
Resources
Standard
Victory
Conquest
Starting age
Dark Age
Ending age
Imperial Age
RankedLock teamsTeams togetherTeam positionsShared explorationLock speedFull tech treeHidden civsTurbo modeCheats
Victory
Defeat
🇧🇷 Goths · Brazil
983
+27
🇺🇸 Khmer · United States
946
+14
🇮🇹 Ethiopians · Italy
925
-14
🇮🇹 Bohemians · Italy
897
-13
MIJO EM TI
11:42 Feudal Age
15:25 Castle Age
13:29 Double-Bit Axe
15:41 Bloodlines
16:06 Light Cavalry
16:50 Husbandry
17:54 Wheelbarrow
22:32 Bow Saw
25:07 Horse Collar
32:18 Imperial Age
31:35 Ballistics
32:44 Hand Cart
33:09 Scale Barding Armor
32:49 Elite Battle Elephant
33:01 Heavy Scorpion
34:32 Gold Mining
35:02 Siege Engineers
35:19 Forging
36:36 Hussar
37:56 Heavy Plow
39:21 Chemistry
39:45 Capped Ram
44:10 Iron Casting
43:56 Chain Barding Armor
50:28 Siege Ram
53:20 Blast Furnace
52:56 Plate Barding Armor
52:15 Siege Ram
54:47 Siege Ram
56:22 Double Crossbow
gabrielpiaia
2:06 Loom
10:46 Feudal Age
12:01 Horse Collar
12:10 Double-Bit Axe
16:53 Castle Age
17:34 Wheelbarrow
19:24 Bow Saw
19:24 Heavy Plow
19:55 Scale Mail Armor
23:18 Chain Mail Armor
22:27 Man-at-Arms
22:29 Pikeman
23:21 Squires
25:20 Hand Cart
26:32 Long Swordsman
28:39 Forging
30:15 Iron Casting
29:34 Fletching
29:31 Town Watch
30:10 Anarchy
31:08 Gold Mining
31:14 Stone Mining
34:24 Imperial Age
34:04 Bodkin Arrow
36:21 Blast Furnace
34:43 Two-Handed Swordsman
34:45 Capped Ram
35:27 Perfusion
35:48 Conscription
35:47 Champion
45:03 Elite Huskarl
roccgnv
11:26 Feudal Age
11:54 Double-Bit Axe
11:51 Horse Collar
18:35 Castle Age
19:16 Forging
19:36 Bow Saw
19:50 Loom
20:47 Pikeman
24:07 Fervor
24:17 Sanctity
25:21 Wheelbarrow
31:12 Imperial Age
30:25 Hand Cart
31:14 Husbandry
33:22 Chemistry
33:31 Ballistics
33:22 Fortified Wall
34:50 Conscription
36:09 Two-Man Saw
35:15 Heavy Plow
37:00 Iron Casting
36:25 Scale Mail Armor
36:39 Masonry
36:25 Murder Holes
36:17 Houfnice
37:04 Scale Barding Armor
38:33 Halberdier
42:24 Blast Furnace
41:40 Chain Mail Armor
43:20 Squires
Hookton
2:31 Loom
11:47 Feudal Age
12:21 Double-Bit Axe
18:24 Castle Age
16:48 Horse Collar
17:01 Gold Mining
17:02 Stone Mining
19:41 Bow Saw
22:07 Stone Shaft Mining
30:07 Imperial Age
28:16 Wheelbarrow
28:50 Heavy Plow
30:01 Hand Cart
30:35 Gold Shaft Mining
30:05 Scale Mail Armor
30:02 Town Watch
32:11 Chemistry
31:18 Town Patrol
31:55 Capped Ram
33:05 Conscription
33:04 Forging
33:09 Chain Mail Armor
33:54 Caravan
33:28 Siege Ram
34:55 Iron Casting
35:44 Plate Mail Armor
34:46 Light Cavalry
35:28 Husbandry
35:53 Fortified Wall
36:17 Elite Shotel Warrior
37:32 Fletching
37:42 Padded Archer Armor
38:43 Blast Furnace
37:34 Crossbowman
38:44 Bodkin Arrow
38:35 Hussar
40:42 Arbalester
41:28 Thumb Ring
41:34 Bracer
42:34 Blast Furnace
42:41 Leather Archer Armor
42:31 Scale Barding Armor
45:29 Siege Engineers
48:13 Torsion Engines
47:45 Heavy Scorpion
Connection lost

Rejoining the realm…

Still unreachable

The connection could not be restored.

Session expired

The server has moved on; the page needs a fresh start.